 Dungeon Crawl Stone Soup version 0.26-a0-651-gb41185065b (webtiles) character file.

Game seed: 1728586039937630472

224 Ozzies the Skirmisher (level 5, -3/52 HPs)
             Began as a Minotaur Fighter on Oct 13, 2020.
             Slain by a gnoll
             ... wielding a cursed -2 halberd
              (6 damage)
             ... on level 3 of the Dungeon.
             The game lasted 00:03:46 (2285 turns).

Ozzies the Skirmisher (Minotaur Fighter)            Turns: 2285, Time: 00:03:46

Health: -3/52      AC:  8    Str: 22    XL:     5   Next: 67%
Magic:  4/4        EV:  7    Int:  5    God:
Gold:   178        SH:  9    Dex:  9    Spells: 4/4 levels left

rFire    . . .     SeeInvis .   a - +0 war axe
rCold    . . .     Faith    .   c - +0 kite shield
rNeg     . . .     Spirit   .   b - +0 scale mail
rPois    .         Reflect  .   (helmet restricted)
rElec    .         Harm     .   e - +0 cloak
rCorr    .         Rampage  .   (no gloves)
MR       .....                  (no boots)
Stlth    ..........             (no amulet)
HPRegen  0.17/turn              (no ring)
MPRegen  0.09/turn              (no ring)

@: no status effects
A: retaliatory headbutt, horns 2
a: no special abilities


You were on level 3 of the Dungeon.
You visited 1 branch of the dungeon, and saw 3 of its levels.

You collected 178 gold pieces.

Inventory:

Hand Weapons
 a - a +0 war axe (weapon)
Missiles
 g - 46 sling bullets
 i - 114 stones (quivered)
 u - a throwing net {!f}
Armour
 b - a +0 scale mail (worn)
 c - a +0 kite shield (worn)
 e - a +0 cloak (worn)
Jewellery
 r - an uncursed amulet of regeneration {unknown}
Scrolls
 k - 5 scrolls of identify {unknown}
 l - 2 scrolls of teleportation {unknown}
 m - a scroll of noise {unknown}
 n - a scroll of amnesia {unknown}
 q - a scroll of remove curse {unknown}
 t - a scroll of enchant weapon {unknown}
 v - a scroll of fear {unknown}
Potions
 d - a potion of might {@q3 !q}
 f - a potion of berserk rage {unknown}
 h - a potion of mutation {unknown}
 j - a potion of ambrosia {unknown}
 o - a potion of magic {unknown}
 p - a potion of lignification {unknown}
 s - a potion of curing {unknown}


   Skills:
 * Level 7.2 Fighting
 + Level 2.8 Axes
 + Level 3.9 Armour
 + Level 0.8 Dodging
 + Level 3.8 Shields


You had 4 spell levels left.
You didn't know any spells.
Your spell library was empty.

Dungeon Overview and Level Annotations

Branches:
Dungeon (3/15)

Altars:


Innate Abilities, Weirdness & Mutations

You reflexively headbutt those who attack you in melee.
You have a pair of horns on your head.


Message History

No target in view!
No target in view!
No target in view!
No target in view!
No target in view!
No target in view!
No target in view!
No target in view!
No target in view!
You now have 168 gold pieces (gained 11).
Found a halberd.
You now have 178 gold pieces (gained 10).
You see here a halberd.
Found a shiny helmet.
Found 2 javelins.
Found a ring mail.
You see here 2 javelins.
k - 5 scrolls labeled HYLEOH NOGO (gained 1) 2 gnolls come into view.
The gnoll shouts! x2; You hear a shout! x2
A gnoll comes into view. It is wielding a +0 spear. x2
Found 10 gold pieces.
Found a stone staircase leading down.
There are monsters nearby!
There are monsters nearby!
There are monsters nearby!
You slash the gnoll!
The gnoll is almost dead.
The gnoll barely misses you.
You barely miss the gnoll.
The gnoll is almost dead.
The gnoll closely misses you. You block the gnoll's attack. x2
The gnoll hits you with a +0 whip.
You hit the gnoll but do no damage.
The gnoll is almost dead.
The gnoll closely misses you. The gnoll hits you but does no damage.
You slash the gnoll!
You kill the gnoll!
The gnoll hits you from afar with a +0 spear.
You block the gnoll's attack.
You block the gnoll's attack. x2; The gnoll hits you but does no damage.
Things that are here:
a +0 whip; a gnoll corpse You hit the gnoll.
The gnoll is moderately wounded.
The gnoll hits you from afar with a +0 spear.
The gnoll hits you but does no damage.
The gnoll hits you from afar with a +0 spear.
The gnoll closely misses you.
You barely miss the gnoll.
The gnoll is moderately wounded.
The gnoll hits you with a +0 spear.
The gnoll hits you from afar with a +0 spear.
The gnoll hits you but does no damage.
You closely miss the gnoll.
The gnoll is moderately wounded.
You block the gnoll's attack. The gnoll barely misses you.
The gnoll hits you from afar with a cursed -2 halberd!
You block the gnoll's attack.
The gnoll hits you from afar with a +0 spear.
You are too injured to fight recklessly!
You are too injured to fight recklessly!
You are too injured to fight recklessly!
You are too injured to fight recklessly!
You are too injured to fight recklessly!
You are too injured to fight recklessly!
You are too injured to fight recklessly!
You are too injured to fight recklessly!
You are too injured to fight recklessly!
You are too injured to fight recklessly!
You are too injured to fight recklessly!
You are too injured to fight recklessly!
You are too injured to fight recklessly!
You are too injured to fight recklessly!
You are too injured to fight recklessly!
You are too injured to fight recklessly!
You are too injured to fight recklessly!
You are too injured to fight recklessly!
You slash the gnoll!
The gnoll is almost dead.
The gnoll hits you from afar with a cursed -2 halberd!
* * * LOW HITPOINT WARNING * * *
The gnoll hits you but does no damage.
The gnoll hits you from afar with a +0 spear.
* * * LOW HITPOINT WARNING * * *
You slash the gnoll!
You kill the gnoll!
The gnoll hits you from afar with a cursed -2 halberd.
* * * LOW HITPOINT WARNING * * *
You block the gnoll's attack. x2; The gnoll hits you but does no damage.
You block the gnoll's attack.
Found a dagger.
You see here a +0 spear.
You barely miss the gnoll. You hit the gnoll but do no damage.
The gnoll closely misses you. You furiously retaliate!
You headbutt the gnoll. The gnoll hits you with a +0 spear.
* * * LOW HITPOINT WARNING * * *
The gnoll hits you but does no damage.
You closely miss the gnoll. You slash the gnoll! You block the gnoll's attack.
The gnoll hits you with a cursed -2 halberd.
You die...

...#..#.(##....##
#.#...
###.#.###....#
#..... #[..
#.#....# # ..#.
...# #.#.##...
#... #.#.# #. ..#
#.#.# # #...#
#####.###..#####
#..>..g@)......#
..###.g#######...
##) $ #. #. #. ##


You could see 2 gnolls.

Vanquished Creatures
  Ijyb (D:2)
  9 gnolls
  3 adders (D:2)
  2 oozes (D:1)
  A worm (D:2)
  4 leopard geckos
  5 orcs (D:3)
  6 giant cockroaches
  7 hobgoblins
  4 jackals (D:2)
  3 bats (D:2)
  6 frilled lizards
  7 goblins (D:2)
  3 kobolds (D:2)
  12 rats
73 creatures vanquished.

Notes
Turn   | Place    | Note
-------+----------+-------------------------------------------
     0 | D:1      | Ozzies the Minotaur Fighter began the quest for the Orb.
     0 | D:1      | Reached XP level 1. HP: 19/19 MP: 0/0
    54 | D:1      | Reached skill level 4 in Fighting
   151 | D:1      | Reached XP level 2. HP: 28/28 MP: 1/1
   341 | D:1      | Reached skill level 5 in Fighting
   341 | D:1      | Reached XP level 3. HP: 27/36 MP: 2/2
  1168 | D:2      | Reached skill level 6 in Fighting
  1168 | D:2      | Reached XP level 4. HP: 31/44 MP: 3/3
  1400 | D:2      | Noticed Ijyb
  1411 | D:2      | Killed Ijyb
  1411 | D:2      | Reached skill level 7 in Fighting
  1411 | D:2      | Reached XP level 5. HP: 39/52 MP: 4/4
  2285 | D:3      | Slain by a gnoll

Illustrated notes

Levels and vault maps discovered:
D:1:      onia_arrival_handbag, layout_loops_corners
D:2:      kennysheep_the_goblin_king, layout_basic
D:3:      layout_rooms

Skill      XL: |  1  2  3  4 |
---------------+-------------+-----
Fighting       | 4 5 6 7 |  7.2
Axes           | |  2.8
Armour         | |  3.9
Dodging        | |  0.8
Shields        | |  3.8

Action                   |  1- 3 |  4- 6 || total
-------------------------+-------+-------++-------
Melee: War axe           |    70 |    88 ||   158
       Headbutt          |    16 |    10 ||    26
Armor: Scale mail        |    32 |    37 ||    69
Dodge: Dodged            |    25 |    31 ||    56
Block: Kite shield       |    38 |    47 ||    85

Table legend: (Time is in decaauts)
 A = Elapsed time spent in this place.
 B = Non-inter-level travel time spent in this place.
 C = Inter-level travel time spent in this place.
 D = Time resting spent in this place.
 E = Time spent auto-exploring this place.
 F = Levels seen in this place.
 G = Mean time per level.
                   A        B        C        D        E       F      G
               +--------+--------+--------+--------+--------+-----+--------+
         Total |   2359 |   2330 |     29 |    323 |   1606 |   3 |  786.3 |
       Dungeon |   2359 |   2330 |     29 |    323 |   1606 |   3 |  786.3 |
               +--------+--------+--------+--------+--------+-----+--------+

Top non-repeatable levels by time:
     D:2: 1174 daAuts
     D:1: 988 daAuts
     D:3: 196 daAuts
